 Dungeon Crawl Stone Soup version 0.18-b1-22-ge198996 (webtiles) character file.

247 oplop the Sneak (level 6, 0/32 HPs)
             Began as a Vine Stalker Assassin on May 3, 2016.
             Slain by a rat (1 damage)
             ... on level 3 of the Dungeon.
             The game lasted 00:05:24 (2317 turns).

oplop the Sneak (Vine Stalker Assassin)             Turns: 2317, Time: 00:05:25

Health: 0/32       AC:  6    Str: 18    XL:     6   Next: 11%
Magic:  0/7        EV: 11    Int: 11    God:
Gold:   84         SH:  0    Dex: 18    Spells: 0 memorised, 5 levels left

rFire  . . .     SeeInvis .     b - +0 blowgun
rCold  . . .     Gourm    .     c - +0 robe
rNeg   . . .     Faith    .     (no shield)
rPois  .         Spirit   +     t - +0 helmet
rElec  .         Dismiss  .     x - +2 cloak
rCorr  .         Reflect  .     (no gloves)
SustAt .         Harm     .     (no boots)
MR     .....                    (no amulet)
Stlth  +++.......               (no ring)
                                (no ring)

@: mighty, flying, heavily drained, not resistant to hostile enchantments,
fairly stealthy
A: fangs 2, regeneration 2, magic shield, antimagic bite, no device heal 3, rot
immunity
a: no special abilities


You were on level 3 of the Dungeon.
You were near starving.

You visited 1 branch of the dungeon, and saw 3 of its levels.

You collected 84 gold pieces.

Inventory:

Hand Weapons
 a - a +2 dagger
 b - a +0 blowgun (weapon)
Missiles
 f - 4 curare-tipped needles (quivered)
 u - 40 stones
Armour
 c - a +0 robe (worn)
 d - a +0 cloak
 t - a +0 helmet (worn)
 x - a +2 cloak (worn)
Jewellery
 w - a cursed -2 ring of strength {unknown}
Scrolls
 h - a scroll of remove curse {unknown}
 n - 2 scrolls of random uselessness {unknown}
 o - a scroll of enchant weapon {unknown}
 p - 2 scrolls of recharging {unknown}
 r - 2 scrolls of magic mapping {unknown}
 v - a scroll of fog {unknown}
Potions
 i - a potion of might
 l - a potion of flight
 q - a potion of berserk rage {unknown}
Comestibles
 g - 3 bread rations
 j - a beef jerky
 k - 2 meat rations
 s - a fruit


   Skills:
 + Level 3.3(1.6) Fighting
 + Level 3.0(1.2) Short Blades
 - Level 1.7(0.0) Throwing
 + Level 2.3(0.6) Dodging
 + Level 6.1(4.2) Stealth


You had 5 spell levels left.
You didn't know any spells.

Dungeon Overview and Level Annotations

Branches:
Dungeon (3/15)

Altars:
Okawaru


Innate Abilities, Weirdness & Mutations

You have extremely sharp teeth.
You heal very quickly.
When hurt, damage is shared between your health and your magic reserves.
Your bite disrupts and absorbs the magic of your enemies.
Potions and wands cannot restore your health.
You are immune to rotting.


Message History

* * * LOW HITPOINT WARNING * * *
The orc hits you with a club.
* * * LOW HITPOINT WARNING * * *
The rat completely misses you.
Unknown command.
Drink which item? (? for menu, Esc to quit)
It was a potion of flight.
You feel very buoyant.
You fly up into the air.
The orc wizard is no longer moving quickly.
The orc wizard closely misses you. The orc hits you with a club.
* * * LOW HITPOINT WARNING * * *
The rat bites you but does no damage.
Unknown command.
Drink which item? (? for menu, Esc to quit)
It was a potion of heal wounds.
That seemed strangely inert.
The orc wizard misses you. The orc barely misses you.
The rat twitches its whiskers.
The rat bites you.
You die...

###.#####.# #.#........#
..#[#...#.######## #.####.#.#.###
#.#.#.....(......# #..........#..
..#.......######.###.)..........#
..........# #....).#####.#####
###.......# #.####.# ##.##
###...### #.####.# #...# ###.#
#oo.##.# #...# ### #@#.##.#
#.).#### ########### #r#.##.#
#).<...o #.#.P.....#
#..o...####(..#### .#.P......###
###.##..........(.
###P........######..............(
##......#.##.[(.....(..........
####>.....#.###...#####.[.....
#......(..##.<[# #.###.###
##......#......# #.# #.#


You could see an orc wizard, an orc and a rat.

Vanquished Creatures
  An orc wizard (D:3)
  Crazy Yiuf (D:3)
  Terence (D:3)
  Robin (D:3)
  3 adders
  4 gnolls (D:2)
  An ooze (D:3)
  3 worms
  4 giant geckos
  An orc (D:3)
  5 bats
  3 giant cockroaches
  16 goblins
  8 hobgoblins
  A jackal (D:2)
  A ball python (D:1)
  5 giant newts
  5 kobolds
  7 rats
71 creatures vanquished.

Notes
Turn   | Place    | Note
--------------------------------------------------------------
     0 | D:1      | oplop the Vine Stalker Assassin began the quest for the Orb.
     0 | D:1      | Reached XP level 1. HP: 11/11 MP: 2/2
    79 | D:1      | Reached skill level 1 in Dodging
    86 | D:1      | Reached XP level 2. HP: 12/15 MP: 1/3
   152 | D:1      | Reached skill level 5 in Stealth
   487 | D:1      | Reached XP level 3. HP: 18/18 MP: 4/4
   972 | D:2      | Reached XP level 4. HP: 4/23 MP: 1/5
  1248 | D:2      | Found an iron altar of Okawaru.
  1595 | D:3      | Noticed Terence
  1595 | D:3      | Noticed Robin
  1596 | D:3      | Killed Robin
  1596 | D:3      | Reached XP level 5. HP: 28/28 MP: 6/6
  2001 | D:3      | Noticed Crazy Yiuf
  2024 | D:3      | Killed Crazy Yiuf
  2116 | D:3      | Killed Terence
  2214 | D:3      | Reached skill level 6 in Stealth
  2303 | D:3      | Gained mutation: You heal very quickly. [Vine Stalker growth]
  2303 | D:3      | Reached XP level 6. HP: 18/32 MP: 4/7
  2316 | D:3      | HP: 1/32 [orc/club (2)]
  2317 | D:3      | Slain by a rat

Skill      XL: |  1  2  3  4  5 |
---------------+----------------+-----
Dodging        | 1 2 |  2.3
Fighting       | 2 3 |  3.3
Stealth        | 5 6 |  6.1
Short Blades   | 2 3 |  3.0
Throwing       | |  1.7

Action                   |  1- 3 |  4- 6 || total
-------------------------+-------+-------++-------
Melee: Dagger            |    80 |   115 ||   195
       Bite              |    16 |    29 ||    45
 Fire: Blowgun           |     8 |    17 ||    25
Throw: Stone             |       |     2 ||     2
  Use: Potion            |       |     3 ||     3
 Stab: Sleeping          |     7 |     7 ||    14
       Distracted        |       |     1 ||     1
  Eat: Chunk             |       |     3 ||     3
Armor: Robe              |    11 |    31 ||    42
Dodge: Dodged            |    67 |    74 ||   141
